 Dungeon Crawl Stone Soup version 0.18-a0-1639-g7533f42 (webtiles) character file.

369 ithil the Shield-Bearer (level 6, -2/56 HPs)
             Began as a Minotaur Fighter on Mar 28, 2016.
             Killed by divine providence
             ... invoked by an orc priest
              (10 damage)
             ... on level 4 of the Dungeon.
             The game lasted 00:09:49 (3149 turns).

ithil the Shield-Bearer (Minotaur Fighter)          Turns: 3149, Time: 00:09:50

Health: -2/56      AC: 13    Str: 23    XL:     6   Next: 41%
Magic:  5/5        EV:  5    Int:  5    God:
Gold:   111        SH: 10    Dex:  9    Spells: 0 memorised, 5 levels left

rFire  . . .     SeeInvis .     a - +1 war axe
rCold  . . .     Gourm    .     d - +0 plate armour
rNeg   . . .     Faith    .     c - +0 shield
rPois  .         Spirit   .     (helmet restricted)
rElec  .         Dismiss  .     i - +0 cloak
rCorr  .         Reflect  .     (no gloves)
SustAt .         Harm     .     (no boots)
MR     .....                    (no amulet)
Stlth  ..........               (no ring)
                                w - ring of wizardry

@: not resistant to hostile enchantments, extremely unstealthy
A: retaliatory headbutt, horns 2
a: no special abilities


You were on level 4 of the Dungeon.
You were not hungry.

You visited 1 branch of the dungeon, and saw 4 of its levels.

You collected 111 gold pieces.

Inventory:

Hand Weapons
 a - a +1 war axe (weapon)
 b - a +0 flail
Armour
 c - a +0 shield (worn)
 d - a +0 plate armour (worn)
 i - a +0 cloak (worn)
Jewellery
 w - a ring of wizardry (left hand)
Wands
 p - a wand of slowing (12/48)
 q - a wand of flame (25/48)
Scrolls
 f - a scroll of enchant weapon
 j - a scroll of magic mapping {unknown}
 k - 3 scrolls of remove curse {unknown}
 m - a scroll of teleportation {unknown}
 n - 2 scrolls of recharging {unknown}
 v - 2 scrolls of identify
Potions
 e - a potion of curing
 g - 2 potions of invisibility {unknown}
 h - 2 potions of flight
 o - 3 potions of mutation {unknown}
 s - a potion of brilliance {unknown}
 t - a potion of berserk rage {unknown}
 u - a potion of heal wounds {unknown}
Comestibles
 l - 4 meat rations
 r - 3 chunks of flesh


   Skills:
 + Level 5.2 Fighting
 + Level 4.1 Axes
 + Level 4.8 Armour
 + Level 2.7 Dodging
 + Level 0.5 Stealth
 + Level 5.2 Shields


You had 5 spell levels left.
You didn't know any spells.

Dungeon Overview and Level Annotations

Branches:
Dungeon (4/15)
 Temple: D:4-7

Altars:
Nemelex Xobeh


Innate Abilities, Weirdness & Mutations

You reflexively headbutt those who attack you in melee.
You have a pair of horns on your head.


Message History

You slash the orc wizard!
You kill the orc wizard!
You completely miss the orc.
The orc is heavily wounded.
You block the orc's attack.
The orc priest calls down the wrath of Beogh upon you.
Pain shoots through your body!
* * * LOW HITPOINT WARNING * * *
You block the orc's attack.
The orc priest calls down the wrath of Beogh upon you.
Beogh smites you!
* * * LOW HITPOINT WARNING * * *
The orc priest miscasts a cantrip.
Drink which item? (? for menu, Esc to quit)
You feel better. The orc hits you but does no damage.
The orc priest calls upon Beogh to heal the orc.
The orc's wounds heal themselves!
The orc priest invokes the aid of Beogh against you.
Beogh smites you!
You die...

###.## #.# #.# #.#
#.# #.# #####.###
........###########
.##.............@.#
........#########o#
.##.....# #.#
##....# #.# ##.#.#
###o# ....# #...#
##.### #.### #+#
#o# #.#


You could see an orc priest and an orc.

Vanquished Creatures
  An ogre (D:4)
  A howler monkey (D:3)
  An orc wizard (D:4)
  An iguana (D:4)
  Terence (D:3)
  A worker ant (D:4)
  A gnoll (D:1)
  A howler monkey skeleton (D:4)
  3 adders
  2 worms (D:2)
  3 dart slugs
  A giant gecko (D:1)
  An orc (D:3)
  A ball python (D:4)
  9 bats
  2 giant cockroaches
  10 goblins
  15 hobgoblins
  8 jackals
  11 kobolds
  3 giant newts
  7 rats
84 creatures vanquished.

Notes
Turn   | Place    | Note
--------------------------------------------------------------
     0 | D:1      | ithil the Minotaur Fighter began the quest for the Orb.
     0 | D:1      | Reached XP level 1. HP: 19/19 MP: 0/0
   134 | D:1      | Reached XP level 2. HP: 25/27 MP: 1/1
   538 | D:1      | Reached XP level 3. HP: 28/33 MP: 2/2
  1323 | D:2      | Reached skill level 1 in Dodging
  1849 | D:2      | Reached XP level 4. HP: 41/41 MP: 3/3
  2303 | D:3      | Noticed Terence
  2312 | D:3      | Killed Terence
  2319 | D:3      | Found a sparkling altar of Nemelex Xobeh.
  2350 | D:3      | Reached XP level 5. HP: 33/47 MP: 4/4
  2676 | D:4      | Noticed an ogre
  2681 | D:4      | Killed an ogre
  2681 | D:4      | Reached skill level 5 in Fighting
  2685 | D:4      | Reached XP level 6. HP: 44/56 MP: 5/5
  2775 | D:4      | Reached skill level 5 in Shields
  3139 | D:4      | HP: 1/56 [orc priest/divine providence (14)]
  3149 | D:4      | Killed from afar by an orc priest

Vault maps used:
D:1:      dpeg_arrival_concentric_ovals
D:2:      serial_curves, eino_curves_01, eino_curves_02, supply_closet_lemuel,
          patterned_corridor
D:3:      nemelex_deck, uniq_terence
D:4:      overflow_temple_1_default, kennysheep_another_room, sigmund_army

Skill      XL: |  1  2  3  4  5  6 |
---------------+-------------------+-----
Fighting       | 4 5 |  5.2
Armour         | 4 |  4.8
Shields        | 4 5 |  5.2
Dodging        | 1 2 |  2.7
Axes           | 3 4 |  4.1
Stealth        | |  0.5

Action                   |  1- 3 |  4- 6 || total
-------------------------+-------+-------++-------
Melee: War axe           |    78 |   106 ||   184
  Use: Scroll            |     3 |     2 ||     5
       Potion            |       |     3 ||     3
  Eat: Bread ration      |     1 |       ||     1
       Chunk             |       |     3 ||     3
